 Dungeon Crawl Stone Soup version 0.30-a0-605-gb2882149bf (webtiles) character file.

Game seed: 308715312116764772

20359 pokeman the Eclecticist (level 12, -4/68 HPs)
             Began as a Deep Elf Hedge Wizard on Jan 7, 2023.
             Was an Elder of Vehumet.
             Shot with an arrow by a centaur warrior (14 damage)
             ... on level 13 of the Dungeon.
             The game lasted 00:40:35 (18493 turns).

pokeman the Eclecticist (Deep Elf Hedge Wizard)    Turns: 18493, Time: 00:40:35

Health: -4/68      AC: 13    Str:  7    XL:     12   Next: 44%
Magic:  24/35      EV: 11    Int: 25    God:    Vehumet [****..]
Gold:   691        SH:  0    Dex: 20    Spells: 26/45 levels left

rFire   . . .      SeeInvis .    n - +2 short sword (venom)
rCold   . . .      Faith    .    (no shield)
rNeg    . . .      Spirit   .    Q - +0 swamp dragon scales
rPois   +          Reflect  .    c - +0 hat
rElec   .          Harm     .    p - +0 cloak
rCorr   .          Rampage  .    O - +0 pair of gloves
Will    +....                    z - +1 pair of boots
Stlth   ++                       (no amulet)
HPRegen 0.31/turn                u - +6 ring of dexterity
MPRegen 0.24/turn                x - ring of wizardry

@: no status effects
A: subdued magic 1
a: Renounce Religion


You were on level 13 of the Dungeon.
You worshipped Vehumet.
Vehumet was greatly pleased with you.
You visited 2 branches of the dungeon, and saw 14 of its levels.
You also visited: Sewer.

You collected 691 gold pieces.

Inventory:

Hand Weapons
 n - a +2 short sword of venom (weapon)
 o - a +2 quarterstaff of chaos
Missiles
 a - a throwing net
 y - 11 curare-tipped darts
Armour
 b - a +2 robe of fire resistance
 c - a +0 hat (worn)
 p - a +0 cloak (worn)
 z - a +1 pair of boots (worn)
 L - a +0 kite shield
 O - a +0 pair of gloves (worn)
 Q - +0 swamp dragon scales (worn)
Magical Staves
 N - a staff of cold
Jewellery
 u - a +6 ring of dexterity (left hand)
 x - a ring of wizardry (right hand)
 K - an amulet of faith
Wands
 m - a wand of roots (6)
 t - a wand of flame (58)
 P - a wand of digging (4)
 R - a wand of polymorph (3)
Scrolls
 i - 10 scrolls of teleportation
 k - 6 scrolls of amnesia {unknown}
 l - 6 scrolls of noise {unknown}
 q - 2 scrolls of fog {unknown}
 s - 2 scrolls of blinking {unknown}
 w - 2 scrolls of poison {unknown}
 B - a scroll of enchant weapon {unknown}
 C - 2 scrolls of fear {unknown}
 I - a scroll of magic mapping {unknown}
 J - a scroll of immolation {unknown}
 M - 2 scrolls of enchant armour {unknown}
 S - a scroll of silence {unknown}
 T - a scroll of summoning {unknown}
Potions
 d - 2 potions of magic
 e - 7 potions of heal wounds
 f - a potion of attraction
 g - 8 potions of curing
 h - 4 potions of brilliance
 j - 3 potions of might
 r - 2 potions of lignification
 v - 4 potions of ambrosia
 A - a potion of experience
 D - 3 potions of cancellation
 E - 2 potions of invisibility
 F - 4 potions of flight
 G - a potion of berserk rage
 H - 4 potions of haste


   Skills:
 - Level 5.0 Fighting
 - Level 5.0 Armour
 - Level 3.0 Dodging
 - Level 3.0 Stealth
 + Level 2.1 Shields
 * Level 17.3 Spellcasting
 + Level 10.4 Conjurations
 - Level 8.1 Summonings
 - Level 1.1 Translocations
 + Level 5.4 Fire Magic
 - Level 1.0 Ice Magic
 - Level 1.3 Air Magic
 - Level 1.0 Earth Magic
 - Level 1.0 Poison Magic
 - Level 1.0 Evocations


You had 26 spell levels left.
You knew the following spells:

 Your Spells              Type           Power      Damage    Failure   Level
a - Magic Dart            Conj           100%       1d8       1%          1
b - Mephitic Cloud        Conj/Pois/Air  33%        N/A       1%          3
c - Call Imp              Summ           47%        N/A       1%          2
d - Blink                 Tloc           40%        N/A       2%          2
e - Stone Arrow           Conj/Erth      76%        3d11      1%          3
f - Ignition              Fire           18%        3d7       97%         8

Your spell library contained the following spells:

 Spells                   Type           Power      Damage    Failure   Level
 Sticky Flame             Conj/Fire      47%        2d6       1%          4
 Frozen Ramparts          Ice            40%        1d7       1%          3
 Beastly Appendage        Tmut           32%        N/A       2%          1
 Slow                     Hex            64%        N/A       2%          1
 Cigotuvi's Dreadful Rot  Necr/Pois/Air  38%        N/A       2%          2
 Wereblood                Tmut           16%        N/A       3%          2
 Animate Armour           Summ/Erth      68%        N/A       3%          4
 Summon Ice Beast         Ice/Summ       34%        N/A       3%          4
 Olgreb's Toxic Radiance  Pois           20%        N/A       4%          4
 Spider Form              Tmut/Pois      18%        N/A       6%          3
 Ice Form                 Ice/Tmut       18%        N/A       21%         4
 Ozocubu's Refrigeration  Ice            10%        4d9       95%         7
 Lehudib's Crystal Spear  Conj/Erth      19%        10d6      96%         8


Dungeon Overview and Level Annotations

Branches:
Dungeon (13/15)            Temple (1/1) D:7            Lair (0/5) D:10
    Orc (0/2) D:12          Sewer (visited)
 Vaults: D:13-14

Altars:
Ashenzari
Cheibriados
Dithmenos
Elyvilon
Fedhas
Gozag
Kikubaaqudgha
Makhleb
Okawaru
Ru
Trog
Uskayaw
Vehumet
Wu Jian
Xom
Yredelemnul
Zin

Shops:
D:3 =   D:10 =

Annotations:
D:8 exclusion: orange crystal statue
D:9 1 runed translucent door, drugrobin's ghost, novice DgDe


Innate Abilities, Weirdness & Mutations

Your spells are a little easier to cast, but a little less powerful.


Message History

The cyclops is severely wounded.
Casting: Stone Arrow (safe; 1% risk of failure)
Confirm with . or Enter, or press ? or * to list all spells.
Aiming: Stone Arrow (safe; 1% risk of failure)
Press: ? - help, Shift-Dir - straight line, f/p - cyclops
Aim: a cyclops, quivering large rocks (severely wounded, 98% to hit)
The stone arrow hits the cyclops!
You kill the cyclops!
Vehumet accepts your kill.
You feel your power returning.
Casting: Stone Arrow (safe; 1% risk of failure)
Confirm with . or Enter, or press ? or * to list all spells.
Aiming: Mephitic Cloud (safe; 1% risk of failure)
Press: ? - help, Shift-Dir - straight line, f - red ugly thing
Aim: a red ugly thing (chance to affect: 43%)
The ball explodes into a vile cloud!
The stinking cloud engulfs the red ugly thing but does no damage.
The stinking cloud engulfs the white ugly thing but does no damage.
The red ugly thing is engulfed in noxious fumes.
The red ugly thing appears confused.
The white ugly thing is engulfed in noxious fumes.
The white ugly thing appears confused.
The centaur warrior shouts!
The centaur warrior shoots an arrow.
The arrow barely misses you.
The centaur warrior shoots an arrow.
The arrow hits you!
Casting: Mephitic Cloud (safe; 1% risk of failure)
Confirm with . or Enter, or press ? or * to list all spells.
Aiming: Mephitic Cloud (safe; 1% risk of failure)
Press: ? - help, Shift-Dir - straight line, f - centaur warrior
Aim: a centaur warrior, wielding a +0 longbow (chance to affect: 53%)
The ball explodes into a vile cloud!
The stinking cloud engulfs the centaur warrior but does no damage.
The centaur warrior is engulfed in noxious fumes.
The centaur warrior drinks a potion.
The centaur warrior seems to speed up.
The centaur warrior is engulfed in noxious fumes.
The centaur warrior shoots an arrow.
The arrow hits you!!
* * * LOW HITPOINT WARNING * * *
The centaur warrior is engulfed in noxious fumes.
The centaur warrior shoots an arrow.
The arrow hits you!
You die...

## ._. .....# #.. ###.#
........#. .#.. $...
.......... .## >...###.###
........ ...# ..........#
.....###..##.
..........####.....#......
............##............
#....................#
#[.#.@................
#..#......#...........
.u..#......##.#........
...............#........
...(....○.................
.......c......###.......##
.#..##.☼§............###..
..................##...
.................#.##...


You could see a centaur warrior (fast).

Vanquished Creatures
  A catoblepas (D:13)
  A two-headed ogre (D:9)
  A boulder beetle (D:12)
  Urug (D:10)
  Nergalle (D:11)
  2 ugly things
  An elephant (D:10)
  A shining eye (shapeshifter) (D:12)
  A cyclops (D:13)
  Joseph (D:10)
  A gargoyle (D:11)
  Maggie (D:10)
  Psyche (D:12)
  2 komodo dragons
  4 trolls
  A hornet (D:7)
  Prince Ribbit (D:8)
  18 slime creatures
  2 vampires
  2 wyverns
  13 yaks
  3 wraiths
  2 steam dragons
  A basilisk (D:13)
  Grum (D:10)
  12 vampire mosquitoes
  A water moccasin (D:8)
  A swamp drake (D:12)
  3 black bears
  An ice beast (D:7)
  5 orc warriors
  4 centaurs
  4 wolves
  3 phantoms
  4 kobold brigands
  2 bullfrogs
  2 necrophages
  A gnoll sergeant (D:7)
  A scorpion (D:6)
  7 wights
  6 killer bees
  3 howler monkeys
  An electric eel (D:3)
  3 lava snakes (D:8)
  5 hounds
  4 orc priests
  A jelly (D:6)
  Terence (D:2)
  An iguana (D:6)
  10 orc wizards
  16 adders
  3 gnolls (D:7)
  2 river rats (D:6)
  2 shadow imps
  2 ufetubi
  5 worms
  6 dart slugs
  35 orcs
  7 bats
  7 endoplasms
  2 giant cockroaches
  3 goblins
  6 hobgoblins
  12 kobolds
  3 quokkas
  8 ball pythons
  A frilled lizard (D:3)
  6 rats
276 creatures vanquished.

Vanquished Creatures (collateral kills)
  A tengu conjurer (D:9)
  A steam dragon (D:8)
  A water moccasin (D:5)
  A wight (D:9)
  A howler monkey (D:9)
  Crazy Yiuf (D:2)
  A hound skeleton (D:8)
7 creatures vanquished.

Vanquished Creatures (others)
  An electric eel (D:3)
  An orc wizard (D:9)
2 creatures vanquished.

Grand Total: 285 creatures vanquished

Notes
Turn   | Place    | Note
-------+----------+-------------------------------------------
     0 | D:1      | pokeman the Deep Elf Hedge Wizard began the quest for the
                  | Orb.
     0 | D:1      | Reached XP level 1. HP: 10/10 MP: 7/7
   362 | D:1      | Reached XP level 2. HP: 15/15 MP: 6/9
   896 | D:1      | Reached skill level 5 in Spellcasting
  1213 | D:1      | Reached XP level 3. HP: 20/20 MP: 8/11
  1217 | D:1      | Learned a level 3 spell: Mephitic Cloud
  1220 | D:1      | Learned a level 2 spell: Call Imp
  1223 | D:1      | Learned a level 2 spell: Blink
  1960 | D:2      | Noticed Terence
  1972 | D:2      | Killed Terence
  1973 | D:2      | Reached skill level 1 in Fighting
  1973 | D:2      | Reached skill level 1 in Armour
  2004 | D:2      | Reached XP level 4. HP: 24/25 MP: 7/13
  2558 | D:2      | Found a runed translucent door.
  2559 | D:2      | Noticed Crazy Yiuf
  2565 | D:2      | Killed Crazy Yiuf
  2648 | D:3      | Found a shadowy altar of Dithmenos.
  2857 | D:3      | Found a transporter.
  2919 | D:3      | Found a transporter.
  3131 | D:3      | Reached skill level 6 in Spellcasting
  3190 | D:3      | Reached XP level 5. HP: 29/29 MP: 12/15
  3335 | D:3      | Found Vufy's Jewellery Boutique.
  4152 | D:4      | Reached skill level 1 in Poison Magic
  4241 | D:4      | Reached skill level 1 in Air Magic
  4402 | D:4      | Found a bloodstained altar of Trog.
  4520 | D:4      | Reached XP level 6. HP: 28/34 MP: 11/17
  4716 | D:4      | Found a radiant altar of Vehumet.
  4724 | D:4      | Became a worshipper of Vehumet
  4954 | D:5      | Entered Level 5 of the Dungeon
  4999 | D:5      | Reached skill level 1 in Evocations
  5172 | D:5      | Noticed a water moccasin
  5199 | D:5      | Killed a water moccasin
  5200 | D:5      | Reached skill level 7 in Spellcasting
  5314 | D:5      | Reached XP level 7. HP: 38/38 MP: 17/20
  5670 | D:5      | Reached skill level 8 in Spellcasting
  5785 | D:5      | Found an opulent altar of Gozag.
  6259 | D:6      | Found a glowing drain.
  6264 | Sewer    | Entered a sewer
  6285 | Sewer    | Reached * piety under Vehumet
  6285 | Sewer    | Offered knowledge of Sandblast by Vehumet.
  6470 | Sewer    | Reached XP level 8. HP: 43/44 MP: 16/22
  6725 | Sewer    | Reached skill level 9 in Spellcasting
  7141 | D:6      | Reached skill level 5 in Conjurations
  7364 | D:6      | Offered knowledge of Momentum Strike by Vehumet.
  7760 | D:6      | Reached skill level 10 in Spellcasting
  8186 | D:7      | Found a staircase to the Ecumenical Temple.
  8390 | D:7      | Reached ** piety under Vehumet
  8491 | D:7      | Identified the +2 leather armour of Undesirable Species
                  | {-Cast Dex+4}
  8679 | D:7      | Reached XP level 9. HP: 48/48 MP: 21/25
  8771 | D:7      | Found a hide-covered altar of Uskayaw.
  8772 | D:7      | Found a snail-covered altar of Cheibriados.
  8773 | D:7      | Found an ancient bone altar of Kikubaaqudgha.
  8908 | D:8      | Found an iron altar of Okawaru.
  9075 | Temple   | Entered the Ecumenical Temple
  9220 | D:7      | Reached skill level 11 in Spellcasting
  9220 | D:7      | Reached skill level 5 in Summonings
  9497 | D:8      | Noticed Prince Ribbit
  9506 | D:8      | Killed Prince Ribbit
  9800 | D:8      | Found a burning altar of Makhleb.
  9821 | D:8      | Reached skill level 12 in Spellcasting
 10069 | D:8      | Noticed an orange crystal statue
 10873 | D:9      | Found a white marble altar of Elyvilon.
 11034 | D:9      | Reached XP level 10. HP: 7/55 MP: 11/28
 11098 | D:9      | Offered knowledge of Scorch by Vehumet.
 11327 | D:9      | Learned a level 3 spell: Stone Arrow
 11608 | D:9      | Reached *** piety under Vehumet
 11609 | D:9      | Reached skill level 1 in Earth Magic
 11636 | D:9      | Noticed a two-headed ogre
 11643 | D:9      | Killed a two-headed ogre
 11644 | D:9      | Reached skill level 13 in Spellcasting
 11843 | D:9      | Found an ornate altar of the Wu Jian Council.
 11993 | D:9      | Found a blossoming altar of Fedhas.
 12132 | D:9      | Found a runed translucent door.
 12132 | D:9      | Found a shimmering altar of Xom.
 12132 | D:9      | Noticed a +2 scimitar of chaos
 12132 | D:9      | Noticed drugrobin's ghost (novice DgDe)
 12132 | D:9      | Found the +9 sword of Power
 12358 | D:10     | Entered Level 10 of the Dungeon
 12374 | D:10     | Noticed Grum
 12376 | D:10     | Killed Grum
 12377 | D:10     | Reached skill level 1 in Ice Magic
 12703 | D:10     | Found a glowing silver altar of Zin.
 12709 | D:10     | Noticed Maggie
 12728 | D:10     | Killed Maggie
 12804 | D:10     | HP: 1/56 [vampire mosquito (3)]
 12807 | D:10     | Reached skill level 14 in Spellcasting
 13229 | D:10     | Noticed Joseph
 13236 | D:10     | Killed Joseph
 13392 | D:10     | Found Umiatsec's Jewellery Boutique.
 13408 | D:10     | Noticed Urug
 13418 | D:10     | Noticed an elephant
 13422 | D:10     | Killed Urug
 13423 | D:10     | Reached XP level 11. HP: 19/61 MP: 17/31
 13439 | D:10     | Offered knowledge of Iskenderun's Mystic Blast by Vehumet.
 13572 | D:10     | Found a staircase to the Lair.
 14227 | D:11     | Noticed Nergalle
 14238 | D:11     | Learned a level 8 spell: Ignition
 14250 | D:11     | Killed Nergalle
 14326 | D:11     | Reached skill level 15 in Spellcasting
 14479 | D:11     | Reached skill level 1 in Fire Magic
 15041 | D:11     | Found Kefedwuoty's Armour Boutique.
 15144 | D:11     | Reached skill level 5 in Armour
 15389 | D:11     | Noticed a brown ugly thing
 15395 | D:11     | Killed a brown ugly thing
 15603 | D:12     | Noticed a two-headed ogre
 15618 | D:12     | a two-headed ogre changed into a glowing shapeshifter
 15618 | D:12     | Noticed a glowing shapeshifter
 15619 | D:12     | a glowing shapeshifter changed into a steelbarb worm
 15619 | D:12     | Noticed a steelbarb worm (glowing shapeshifter)
 15621 | D:12     | a steelbarb worm changed into a shining eye
 15621 | D:12     | Noticed a shining eye (glowing shapeshifter)
 15623 | D:12     | Gained mutation: Your spells are a little easier to cast,
                  | but a little less powerful. [a shining eye]
 15626 | D:12     | Killed a shining eye
 15873 | D:12     | Noticed a boulder beetle
 15905 | D:12     | Noticed Psyche
 15910 | D:12     | Killed Psyche
 15911 | D:12     | Reached skill level 16 in Spellcasting
 16603 | D:12     | Noticed a cyan ugly thing
 16611 | D:12     | Killed a cyan ugly thing
 16612 | D:12     | Reached XP level 12. HP: 48/68 MP: 14/34
 16762 | D:12     | Found a staircase to the Orcish Mines.
 16773 | D:12     | Reached **** piety under Vehumet
 16787 | D:12     | Reached skill level 5 in Fighting
 16938 | D:12     | Offered knowledge of Sticky Flame by Vehumet.
 17216 | D:12     | Killed a boulder beetle
 17217 | D:12     | Reached skill level 1 in Shields
 17217 | D:12     | Reached skill level 10 in Conjurations
 17846 | D:13     | Noticed a centaur warrior
 18069 | D:13     | Reached skill level 17 in Spellcasting
 18069 | D:13     | Reached skill level 5 in Fire Magic
 18085 | D:13     | Noticed a catoblepas
 18180 | D:13     | Killed a catoblepas
 18484 | D:13     | Found an opulent altar of Gozag.
 18493 | D:13     | Shot with an arrow by a centaur warrior

Illustrated notes

Levels and vault maps discovered:
D:1:      nicolae_arrival_washed_ashore, layout_loops_ring
D:2:      layout_loops_corners, uniq_terence, uniq_crazy_yiuf_cottage
D:3:      gammafunk_steamed_eel, layout_basic,
          grunt_dithmenos_smoke_and_mirrors, serial_shops,
          nicolae_shop_hallway_stairs
D:4:      layout_basic, bloody_trog, nicolae_vehumet_radiance,
          nicolae_zen_rock_garden
D:5:      layout_basic, mainiacjoe_overflow_small_starburst, eino_tiny_chamber,
          serial_park_tiny_pond
D:6:      layout_layer_cave, lightli_sewer_entry_pipes, st_stairs_5
D:7:      nicolae_BIG_FREAKIN_CUBE, layout_rooms,
          nicolae_overflow_hidden_temple, minmay_temple_entry_grid
D:8:      layout_layer_cave, overflow_temple_1_default,
          makhleb_blood_cavern_becter, disabler_island, uniq_maurice,
          uniq_prince_ribbit1
D:9:      layout_irregular_city, mainiacjoe_overflow_brackets, elyvilon_altar_4,
          old_standard_altar, ebering_ghost_xom, minivault_10
D:10:     layout_basic, mainiacjoe_overflow_six_doors_small, david_lair_generic,
          serial_shops, kennysheep_mini_moat, uniq_maggie, uniq_grum,
          uniq_joseph, uniq_urug
D:11:     layout_stronghold, serial_rivers, chequers_serial_rivers_room_b,
          chequers_serial_rivers_room_b, chequers_serial_rivers_micro_d,
          chequers_serial_rivers_marsh, chequers_serial_rivers_micro_e,
          serial_shops, shop, uniq_nergalle
D:12:     layout_roguey, erik_orc_1, uniq_psyche
D:13:     layout_cave_pools, nicolae_gozag_cash_rules_everything_around_me
Temple:   hellmonk_temple_rainy

Skill      XL: |  1  2  3  4  5  6  7  8  9 10 11 12 |
---------------+-------------------------------------+-----
Spellcasting   | 5 6 7 8 10 12 14 16 17 | 17.3
Fighting       | 1 2 3 4 5 |  5.0
Armour         | 1 3 4 5 |  5.0
Conjurations   | 2 3 4 5 7 8 9 10 | 10.4
Stealth        | 3 |  3.0
Dodging        | 3 |  3.0
Poison Magic   | 1 |  1.0
Air Magic      | 1 |  1.3
Evocations     | 1 |  1.0
Summonings     | 2 3 4 6 7 8 |  8.1
Earth Magic    | 1 |  1.0
Ice Magic      | 1 |  1.0
Fire Magic     | 4 5 |  5.4
Shields        | 2 |  2.1
Translocations | |  1.1

Action                   |  1- 3 |  4- 6 |  7- 9 | 10-12 || total
-------------------------+-------+-------+-------+-------++-------
Melee: Dagger            |    14 |       |       |       ||    14
       Long sword        |     1 |       |       |       ||     1
       Short sword       |    10 |    19 |   128 |    68 ||   225
       Punch             |     1 |     1 |     3 |     1 ||     6
 Cast: Magic Dart        |    88 |    88 |   290 |    47 ||   513
       Mephitic Cloud    |     1 |     5 |    27 |    49 ||    82
       Call Imp          |       |     6 |     9 |     5 ||    20
       Blink             |       |       |     2 |     2 ||     4
       Stone Arrow       |       |       |       |   288 ||   288
Evoke: Wand              |       |       |       |     4 ||     4
  Use: Scroll            |       |       |       |    14 ||    14
 Stab: Confused          |     1 |     3 |    17 |     7 ||    28
       Sleeping          |       |     1 |       |       ||     1
Armor: Robe              |    13 |     7 |    37 |    12 ||    69
       Swamp dragon scal |       |       |       |    25 ||    25
Dodge: Dodged            |    31 |    22 |   135 |   107 ||   295

Table legend: (Time is in decaauts)
 A = Elapsed time spent in this place.
 B = Non-inter-level travel time spent in this place.
 C = Inter-level travel time spent in this place.
 D = Time resting spent in this place.
 E = Time spent auto-exploring this place.
 F = Levels seen in this place.
 G = Mean time per level.
                   A        B        C        D        E       F      G
               +--------+--------+--------+--------+--------+-----+--------+
         Total |  18633 |  18144 |    489 |   3075 |  12223 |  15 | 1242.2 |
       Dungeon |  17747 |  17258 |    489 |   2946 |  11594 |  13 | 1365.2 |
        Temple |    126 |    126 |      0 |    125 |      0 |   1 |  126.0 |
         Sewer |    760 |    760 |      0 |      4 |    628 |   1 |  760.0 |
               +--------+--------+--------+--------+--------+-----+--------+

Top non-repeatable levels by time:
    D:12: 2323 daAuts
     D:9: 1796 daAuts
    D:10: 1713 daAuts
     D:1: 1521 daAuts
     D:3: 1454 daAuts
     D:6: 1447 daAuts
    D:11: 1423 daAuts
     D:8: 1376 daAuts
     D:5: 1137 daAuts
     D:2: 1071 daAuts
     D:7: 991 daAuts
     D:4: 904 daAuts
   Sewer: 760 daAuts
    D:13: 585 daAuts
  Temple: 126 daAuts
